Map: Omicron

Players

booger - Winner!

  • Race: Terran Terran
  • Spawn Location: 7:00

THeTiGeR - Winner!

  • Race: Zerg Zerg
  • League: Silver
  • Spawn Location: 9:00

PiojoCojo

  • Race: Protoss Protoss
  • League: Silver
  • Spawn Location: 3:00

Englishpat

  • Race: Terran Terran
  • League: Bronze
  • Spawn Location: 1:00

VOD

Have the link to the VOD?

Description

Time

  • Played on: May 21, 2016, 4:36 a.m.
  • Length: 19:25
Show
View Real Time Build Order
Export as new Build Order

booger Terran - Winner!

Build Orders:  

Get SALT Encoding   

  12  0:01  SCV  
  13  0:13  SCV  
  14  0:25  SCV  
  14  0:26  Supply Depot  
  15  0:31  Refinery  
  15  0:49  Barracks  
  16  0:55  Supply Depot  
  15  1:06  Barracks  
  16  1:11  SCV  
  16  1:23  SCV  
  16  1:24  Barracks  
  17  1:35  SCV  
  17  1:36  Marine  
  19  1:49  Orbital Command  
  19  1:53  Marine  
  20  1:54  Marine  
  21  2:10  Marine  
  21  2:11  Marine  
  21  2:12  Marine  
  24  2:21  Refinery  
  24  2:28  Marine  
  24  2:29  Marine  
  26  2:30  Marine  
  27  2:46  Marine  
  27  2:47  Marine  
  27  2:48  Marine  
  27  2:49  Factory  
  27  2:50  SCV  
  31  3:00  Supply Depot  
  31  3:05  Supply Depot  
  31  3:07  Barracks Tech Lab  
  31  3:09  Barracks Reactor  
  31  3:11  Barracks Reactor  
  31  4:07  Marine x2  
  31  4:08  Marine x3  
  34  4:20  Factory Tech Lab  
  34  4:25  Marine  
  34  4:26  Marauder  
  37  4:37  Starport  
  37  4:48  Marauder  
  37  4:52  Reaper  
  40  4:53  Marine x3  
  43  5:05  Command Center  
  43  5:09  Marauder  
  43  5:11  Marine x2  
  47  5:49  Supply Depot  
  47  5:51  Supply Depot x2  
  47  6:10  Marine x4  
  47  6:11  Marauder  
  53  6:28  Marine x2  
  53  6:32  Marauder  
  52  6:53  Marauder  
  40  7:01  Marine  
  40  7:02  Marine x3  
  44  7:13  Stimpack  
  44  7:15  Marauder  
  44  7:19  Marine x2  
  44  7:20  Marine  
  42  7:25  Siege Tank  
  43  7:30  SCV  
  43  7:34  SCV  
  43  7:36  Marauder  
  47  7:42  SCV  
  48  7:46  Medivac, SCV  
  51  7:54  SCV  
  51  7:58  Marauder, SCV  
  55  8:10  SCV  
  55  8:11  Orbital Command  
  56  8:15  Marine  
  56  8:16  Marine x3  
  56  8:19  Marauder  
  62  8:33  Marine x3  
  62  8:34  Marine  
  66  8:40  Marauder  
  58  8:51  Marine x4  
  59  9:02  Marauder  
  61  9:09  Marine x2  
  63  9:10  Marine x2  
  63  9:12  Medivac  
  63  9:14  Combat Shields  
  67  9:17  SCV  
  67  9:23  Refinery x2, Marauder  
  70  9:27  Marine x2  
  70  9:29  SCV  
  73  9:45  Marauder  
  75  9:54  Marine x4  
  79  10:01  Engineering Bay  
  79  10:04  Engineering Bay  
  79  10:05  Marine  
  80  10:07  Medivac  
  80  10:11  Command Center  
  80  10:12  Marine x4  
  86  10:32  Supply Depot x2  
  86  10:33  Supply Depot  
  86  10:44  SCV  
  86  10:45  Marine  
  86  10:47  Medivac  
  85  10:56  SCV  
  83  11:08  SCV  
  84  11:21  SCV  
  85  11:33  SCV  
  86  11:43  Marauder  
  86  11:44  Marine x4  
  86  11:45  Siege Tank  
  86  11:46  Medivac  
  97  12:02  Marine x2  
  97  12:05  Marauder  
  95  12:16  Medivac  
  95  12:18  Siege Tank  
  93  12:26  Marauder  
  94  12:35  Marine x2  
  94  12:36  Marine x2  
  91  12:46  Medivac  
  91  12:47  Marine  
  91  12:50  Siege Tank  
  97  12:53  Marine x3  
  97  12:54  Marine  
  101  13:05  Marine  
  102  13:11  Marine x4  
  106  13:16  Medivac  
  108  13:23  Marine  
  109  13:29  Marine x3  
  86  13:56  Marauder  
  86  13:57  Marine x4  
  86  14:02  SCV  
  91  14:04  SCV  
  92  14:12  Medivac  
  92  14:14  Marine, SCV, Siege Tank  
  92  14:15  Marine x3  
  102  14:18  Marauder  
  102  14:22  Supply Depot  
  104  14:25  Supply Depot  
  104  14:26  SCV  
  105  14:32  Marine x2  
  105  14:33  Marine x2  
  109  14:38  SCV  
  109  14:39  Marauder  
  109  14:42  Medivac  
  114  14:45  Armory, Terran Infantry Weapons Level 1  
  114  14:46  Siege Tank, Terran Infantry Armor Level 1  
  114  14:50  Marine x3, SCV  
  114  14:51  Marine  
  122  14:55  SCV x2  
  124  15:00  Refinery  
  124  15:01  Marauder  
  124  15:02  SCV  
  124  15:04  Refinery  
  127  15:07  SCV x2  
  127  15:12  Medivac  
  131  15:14  SCV  
  131  15:19  SCV x2  
  127  15:22  Marauder  
  127  15:27  SCV  
  127  15:31  SCV  
  127  15:42  Medivac  
  125  16:01  Marine x4, Marauder  
  125  16:03  Siege Tank  
  134  16:12  Medivac  
  136  16:19  Marine x4  
  140  16:55  Marauder  
  140  16:56  Medivac  
  139  17:17  Marauder  
  141  17:30  Supply Depot  
  141  17:31  Supply Depot  
  141  17:32  Supply Depot  
  141  17:51  Marine x3, Siege Tank  
  141  17:52  Marine, Marauder, Medivac  
  152  18:02  Command Center  
  152  18:09  Marine x3  
  152  18:10  Marine  
  156  18:13  Marauder  
  158  18:23  Siege Tank  
  158  18:27  Marine x3  
  161  18:28  Marine  
  165  19:08  Supply Depot x2  
  165  19:10  Supply Depot x2  
Show
View Real Time Build Order
Export as new Build Order

THeTiGeR Zerg - Winner!

Build Orders: Pool First 

Get SALT Encoding   

  12  0:02  Drone  
  13  0:10  Drone  
  14  0:18  Extractor, Drone  
  14  0:36  Spawning Pool  
  14  0:40  Overlord  
  13  0:45  Drone  
  14  0:57  Overlord  
  14  1:02  Drone  
  15  1:23  Metabolic Boost  
  15  1:25  Zergling x2  
  15  1:26  Zergling x4  
  19  1:40  Zergling x2  
  19  1:46  Queen  
  21  1:53  Zergling x2  
  22  2:00  Zergling x2  
  23  2:09  Zergling x2  
  24  2:20  Zergling x2  
  25  2:30  Overlord  
  25  2:41  Zergling x2  
  26  2:52  Zergling x2  
  26  2:58  Zergling x6  
  30  3:11  Zergling x2  
  30  3:12  Hatchery  
  25  4:07  Zergling x2  
  25  4:08  Zergling x4  
  24  4:23  Zergling x2  
  21  5:01  Drone  
  21  5:02  Drone x2  
  21  5:06  Overlord x2, Lair  
  21  5:07  Overlord  
  24  5:33  Queen  
  24  5:34  Drone x3  
  29  5:41  Extractor  
  28  5:43  Drone x3  
  28  5:44  Extractor  
  30  5:56  Spine Crawler  
  29  5:58  Spore Crawler  
  29  5:59  Drone  
  29  6:10  Spire  
  24  6:40  Zergling x2  
  24  6:41  Zergling x6  
  27  6:59  Hydralisk Den  
  26  7:04  Roach Warren  
  26  7:05  Drone  
  26  7:06  Drone  
  27  7:16  Drone x3  
  27  7:18  Lair  
  30  7:25  Drone  
  30  7:26  Drone x4  
  35  7:35  Mutalisk  
  37  7:40  Drone x4  
  41  7:58  Muscular Augments  
  41  8:00  Zerg Flyer Weapons Level 1  
  41  8:04  Spine Crawler  
  40  8:07  Spore Crawler  
  40  8:10  Drone x6  
  40  8:11  Drone x4  
  45  8:43  Hydralisk x3  
  45  8:44  Hydralisk x4  
  57  9:00  Spine Crawler  
  57  9:01  Spine Crawler  
  55  9:03  Spine Crawler  
  55  9:04  Spine Crawler  
  53  9:21  Extractor  
  53  9:23  Lurker Den  
  52  9:25  Glial Reconstitution  
  52  9:42  Evolution Chamber  
  52  9:45  Hydralisk x2  
  51  9:46  Hydralisk x4  
  63  10:08  Evolution Chamber  
  63  10:10  Zerg Missile Weapons Level 1  
  62  10:24  Mutalisk  
  62  10:25  Mutalisk  
  54  11:23  Mutalisk x4  
  62  11:35  Lurker  
  63  11:50  Zerg Ground Armor Level 1  
  63  12:01  Infestation Pit  
  57  12:26  Zergling x6  
  57  12:27  Zergling x14  
  57  12:28  Zergling x6  
  52  12:49  Lurker x2  
  46  13:25  Zerg Missile Weapons Level 2  
  41  13:28  Hive  
  41  13:31  Drone x3  
  44  13:57  Queen  
  44  14:00  Drone x3  
  49  14:06  Hatchery  
  49  14:07  Mutalisk x4  
  56  15:01  Mutalisk x6  
  56  15:06  Overlord x2  
  56  15:07  Overlord  
  68  15:20  Queen  
  68  15:21  Overlord  
  70  15:49  Mutalisk x6  
  76  15:50  Mutalisk x3  
  76  15:51  Mutalisk  
  76  15:54  Overlord  
  76  15:55  Overlord  
  90  16:13  Extractor, Lair  
  90  16:14  Overlord x2  
  90  16:16  Extractor  
  88  16:24  Mutalisk  
  90  17:13  Mutalisk x4  
  98  17:59  Mutalisk x2  
Show
View Real Time Build Order
Export as new Build Order

PiojoCojo Protoss 

Build Orders:  

Get SALT Encoding   

  12  0:16  Probe (Chrono Boost)  
  12  0:18  Pylon  
  13  0:26  Probe (Chrono Boost)  
  14  0:38  Gateway  
  14  0:42  Probe (Chrono Boost)  
  15  0:52  Probe (Chrono Boost)  
  16  1:01  Pylon  
  16  1:02  Assimilator  
  16  1:03  Probe (Chrono Boost)  
  17  1:13  Probe (Chrono Boost)  
  18  1:24  Probe (Chrono Boost)  
  18  1:33  Cybernetics Core  
  18  1:34  Probe (Chrono Boost)  
  19  1:45  Probe (Chrono Boost)  
  19  1:46  Pylon  
  20  1:55  Probe (Chrono Boost)  
  20  1:58  Zealot (Chrono Boost)  
  23  2:31  Mothership Core  
  27  2:37  Assimilator, Adept (Chrono Boost)  
  27  2:39  Nexus  
  27  2:41  Warp Gate (Chrono Boost)  
  27  2:42  Pylon  
  27  2:55  Forge  
  27  3:01  Probe  
  28  3:15  Probe  
  28  3:17  Robotics Facility  
  29  3:25  Gateway  
  28  3:50  Probe  
  28  3:51  Probe  
  30  4:02  Probe x2  
  31  4:09  Stalker  
  34  4:12  Probe  
  35  4:20  Adept  
  37  4:26  Probe  
  38  4:34  Protoss Air Weapons Level 1 (Chrono Boost)  
  38  4:36  Probe  
  39  4:39  Pylon, Adept  
  39  4:40  Pylon  
  41  4:47  Probe, Adept  
  41  4:52  Gateway  
  44  4:58  Probe  
  45  5:06  Adept  
  47  5:08  Probe  
  47  5:09  Gateway  
  47  5:10  Gateway  
  48  5:19  Probe  
  49  5:24  Photon Cannon  
  49  5:29  Probe  
  50  5:36  Photon Cannon  
  50  5:40  Probe  
  51  5:45  Immortal  
  51  5:47  Protoss Ground Weapons Level 1  
  55  5:50  Probe  
  56  6:01  Probe  
  57  6:06  Adept x4  
  57  6:07  Adept  
  67  6:11  Probe  
  68  6:33  Pylon  
  47  6:52  Adept x5  
  43  7:15  Adept x5  
  49  7:30  Immortal  
  49  7:31  Probe  
  54  7:39  Assimilator  
  54  7:41  Probe  
  54  7:42  Probe, Assimilator  
  56  7:44  Pylon  
  56  7:52  Probe  
  56  7:54  Probe  
  56  7:56  Stalker  
  56  7:57  Stalker  
  56  7:58  Stalker x2  
  66  8:01  Sentry  
  66  8:02  Probe  
  69  8:06  Probe  
  70  8:13  Probe  
  70  8:15  Photon Cannon  
  70  8:18  Mothership Core  
  73  8:21  Protoss Ground Armor Level 1  
  73  8:23  Probe  
  74  8:34  Probe  
  69  9:03  Stalker x5  
  79  9:11  Probe  
  79  9:12  Photon Cannon  
  79  9:13  Probe  
  79  9:14  Photon Cannon  
  79  9:16  Photon Cannon  
  81  9:22  Probe  
  82  9:24  Immortal  
  86  9:35  Pylon  
  86  9:47  Pylon  
  86  9:51  Probe  
  86  9:53  Probe  
  88  10:02  Probe  
  88  10:03  Sentry x2  
  88  10:05  Probe, Sentry  
  96  10:10  Nexus  
  96  10:12  Probe  
  96  10:13  Assimilator  
  97  10:17  Probe  
  97  10:18  Pylon  
  98  10:23  Probe  
  99  10:29  Probe  
  99  10:33  Probe  
  101  10:36  Immortal  
  105  10:45  Stalker  
  105  10:46  Stalker  
  109  11:10  Pylon  
  109  11:15  Probe  
  110  11:20  Probe  
  110  11:24  Protoss Shields Level 1  
  111  11:27  Probe  
  111  11:28  Adept x5  
  111  11:30  Probe  
  123  11:38  Pylon  
  123  11:39  Probe  
  124  11:56  Photon Cannon  
  124  11:58  Photon Cannon  
  124  12:01  Stalker x3  
  126  12:02  Stalker x2  
  58  12:46  Stalker x4  
  58  12:47  Stalker  
  58  12:48  Immortal  
  67  13:12  Stalker x3  
  72  13:13  Stalker x2  
  58  13:25  Mothership Core  
  60  13:27  Immortal  
  64  13:44  Zealot x4  
  64  14:06  Pylon, Immortal  
  68  14:10  Pylon  
  68  14:19  Probe  
  68  14:20  Nexus  
  69  14:25  Photon Cannon  
  69  14:46  Immortal  
  73  15:03  Probe x2  
  73  15:06  Pylon  
  75  15:09  Cybernetics Core  
  75  15:14  Probe x2  
  47  15:31  Zealot x3  
  48  15:50  Stalker x2  
  48  15:51  Stalker  
  48  15:56  Sentry x2  
  47  16:13  Immortal  
  47  16:14  Stalker  
  53  16:25  Zealot x2  
  55  16:37  Stalker  
  55  16:38  Stalker  
  29  17:55  Nexus  
  29  17:56  Pylon  
Show
View Real Time Build Order
Export as new Build Order

Englishpat Terran 

Build Orders:  

Get SALT Encoding   

  12  0:01  SCV  
  13  0:13  SCV  
  14  0:19  Supply Depot  
  14  0:25  SCV  
  15  0:40  SCV  
  15  0:42  Barracks  
  16  0:52  SCV  
  16  0:53  Refinery  
  17  1:01  Supply Depot  
  17  1:05  SCV  
  18  1:21  SCV  
  19  1:31  Marine  
  20  1:35  Orbital Command  
  20  2:01  Barracks Reactor  
  20  2:07  Command Center  
  20  2:12  Refinery  
  20  2:15  SCV  
  21  2:23  Factory  
  21  2:27  SCV  
  22  2:33  Barracks  
  22  2:38  Marine  
  22  2:39  Marine, SCV  
  25  2:51  SCV  
  26  3:03  SCV, Barracks  
  27  3:05  Marine  
  27  3:06  Marine  
  27  3:07  Widow Mine  
  31  3:19  SCV, Supply Depot  
  32  3:21  Barracks Reactor  
  32  3:23  Marine  
  32  3:25  Marine  
  27  3:47  Orbital Command  
  5  3:58  Marine x2  
  5  4:18  Bunker, Barracks Reactor  
  5  4:31  Marine  
  2  5:19  Orbital Command  
    6:17  Marine  
  1  6:20  SCV  
  2  6:33  Widow Mine  
  4  6:45  Marine  
  4  6:46  Bunker  
  5  6:52  SCV  
  6  6:55  Barracks Reactor  
  6  7:15  Barracks Reactor  
  6  7:24  Bunker, SCV  
  7  7:42  Marine  
  8  7:51  SCV  
  9  8:05  Marine  
  10  8:12  SCV  
  11  8:19  Marine  
  12  8:30  SCV  
  13  8:37  Widow Mine  
  13  8:39  Marine  
  16  8:42  SCV  
  17  8:55  Marine x2  
  19  9:06  SCV  
  19  9:07  SCV  
  21  9:18  SCV  
  22  9:26  Marine x2  
  22  9:28  Factory Tech Lab  
  24  9:34  Marine  
  25  9:46  Marine x2  
  27  9:55  Refinery, SCV  
  28  10:06  Orbital Command  
  28  10:12  SCV  
  29  10:26  Starport  
  29  10:27  SCV  
  30  10:44  Marine  
  3  11:10  SCV  
  4  11:18  Orbital Command  
  4  11:23  SCV  
  5  11:35  SCV  
  3  13:15  Command Center  
  2  14:02  Command Center  
  2  15:06  Supply Depot  
  2  16:47  SCV  
  3  16:59  SCV  
  3  17:21  SCV  
  4  17:49  SCV  
  4  18:20  Supply Depot  
  4  18:54  Supply Depot  
Tags
 
Add a new tag
Caveats
  • Supply blocks, unpowered buildings, or Contaminate may cause inaccurate times.
  • Supply counts are checked every 10 seconds.